Map: Kairos Junction LE

Players

Güffel - Winner!

  • Race: Zerg Zerg
  • League: Diamond
  • Spawn Location: 11:00

Mez

  • Race: Protoss Protoss
  • League: Master
  • Spawn Location: 5:00

VOD

Have the link to the VOD?

Description

Time

  • Played on: Aug. 17, 2019, 4:23 a.m.
  • Length: 14:15
Show
View Real Time Build Order
Export as new Build Order

Güffel Zerg - Winner!

Build Orders: Pool First 

Get SALT Encoding   

  12  0:01  Drone  
  13  0:12  Overlord  
  13  0:18  Drone  
  14  0:31  Drone x2  
  14  0:34  Drone  
  17  0:46  Spawning Pool  
  16  0:52  Drone  
  17  1:10  Hatchery  
  16  1:12  Drone  
  17  1:19  Drone x2  
  19  1:27  Extractor  
  19  1:28  Drone  
  19  1:34  Queen  
  21  1:47  Zergling x2  
  22  2:09  Overlord  
  22  2:21  Queen  
  24  2:23  Drone  
  24  2:24  Drone x3  
  28  2:32  Metabolic Boost  
  28  2:33  Drone  
  28  2:35  Drone  
  28  2:36  Queen  
  32  2:46  Zergling x2  
  33  2:59  Spine Crawler  
  33  3:00  Zergling x2  
  33  3:01  Zergling x6  
  35  3:27  Evolution Chamber  
  32  3:43  Zergling x6  
  35  3:56  Overlord  
  35  3:58  Overlord  
  35  4:02  Hatchery  
  34  4:04  Zerg Melee Weapons Level 1  
  34  4:07  Evolution Chamber, Lair  
  33  4:13  Zergling x4  
  35  4:25  Zergling x12  
  41  4:33  Zergling x14  
  48  4:45  Zergling x2  
  48  4:46  Zergling x2  
  50  4:55  Zergling x4  
  51  5:10  Overlord  
  51  5:11  Overlord x2  
  50  5:24  Zergling x2  
  45  5:41  Zergling x2  
  45  5:42  Zergling x22  
  46  5:55  Zergling x2  
  46  5:56  Zergling x4  
  48  6:03  Zerg Melee Weapons Level 2  
  48  6:09  Zerg Ground Armor Level 1  
  48  6:10  Zergling x2  
  48  6:11  Zergling x4  
  50  6:26  Queen x2  
  50  6:27  Queen  
  56  6:39  Zergling x2  
  51  6:40  Zergling x6  
  46  6:50  Zergling x2  
  46  6:51  Zergling x6  
  44  7:07  Zergling x12  
  50  7:29  Zergling x4  
  56  7:30  Zergling x12  
  58  7:49  Zergling x2  
  58  7:50  Zergling x14  
  66  8:09  Baneling Nest  
  66  8:12  Extractor  
  64  8:20  Roach Warren  
  64  8:23  Drone x5  
  66  8:42  Zergling x2  
  66  8:43  Zergling x10  
  58  8:55  Zergling x8  
  54  9:01  Zergling x4  
  50  9:14  Drone  
  50  9:15  Drone x3  
  54  9:20  Zergling x2  
  54  9:21  Zergling x2  
  56  9:28  Centrifical Hooks  
  56  9:41  Spore Crawler  
  56  9:42  Zergling x2  
  56  9:43  Zergling x4  
  55  10:22  Zergling x2  
  55  10:23  Zergling x30  
  69  10:34  Zergling x2  
  69  10:35  Zergling x6  
  63  10:47  Drone  
  63  10:48  Drone x4  
  61  11:18  Roach x7  
  61  11:19  Roach  
  73  11:29  Spire  
  73  11:31  Drone  
  73  11:32  Drone  
  74  11:41  Pneumatized Carapace  
  74  11:44  Overlord  
  74  11:49  Overlord  
  74  11:54  Overlord  
  74  12:05  Ravager x6  
  74  12:06  Ravager  
  74  12:08  Zergling x6  
  82  12:09  Zergling x2  
  85  12:16  Queen  
  89  12:30  Roach x5  
  97  12:43  Mutalisk  
  83  12:59  Zergling x2  
  83  13:00  Zergling x20  
  77  13:23  Roach  
  77  13:24  Roach  
  77  13:25  Zergling x2  
  77  13:26  Zergling x12  
Show
View Real Time Build Order
Export as new Build Order

Mez Protoss 

Build Orders: 1 Gate Expand 

Get SALT Encoding   

  12  0:00  Probe  
  13  0:13  Probe  
  14  0:17  Pylon  
  14  0:25  Probe  
  15  0:36  Gateway  
  15  0:38  Probe  
  16  0:46  Probe  
  16  0:49  Assimilator  
  16  0:54  Probe  
  18  1:05  Probe  
  19  1:17  Probe  
  20  1:25  Nexus  
  20  1:38  Cybernetics Core  
  20  1:48  Assimilator  
  20  1:50  Pylon  
  20  2:05  Stalker  
  20  2:11  Probe  
  20  2:15  Warp Gate  
  22  2:23  Probe  
  23  2:33  Robotics Facility  
  23  2:35  Probe  
  23  2:37  Stalker  
  26  2:42  Probe  
  26  2:43  Probe  
  26  2:50  Probe  
  28  2:51  Probe  
  30  3:00  Probe  
  31  3:06  Twilight Council  
  31  3:14  Stalker  
  31  3:15  Probe x2  
  35  3:32  Immortal  
  35  3:42  Probe  
  35  3:45  Probe  
  41  3:50  Probe  
  42  3:57  Probe  
  42  4:01  Pylon  
  43  4:11  Warp Prism  
  45  4:17  Pylon  
  45  4:24  Gateway  
  45  4:27  Gateway  
  45  4:28  Gateway  
  45  4:29  Gateway  
  45  4:31  Gateway  
  45  4:41  Gateway  
  45  4:42  Gateway  
  45  5:07  Gateway  
  45  5:15  Gateway  
  45  5:17  Gateway  
  45  5:24  Zealot x3  
  45  5:25  Zealot  
  52  5:31  Zealot x2  
  43  5:44  Zealot x4  
  50  5:55  Probe x2  
  50  6:03  Probe x2  
  54  6:40  Probe x2  
  54  6:41  Pylon  
  54  6:42  Pylon  
  30  7:00  Zealot  
  30  7:01  Zealot x5  
  32  7:02  Zealot  
  38  7:17  Probe  
  38  7:18  Probe  
  40  7:29  Probe  
  40  7:30  Probe  
  42  7:45  Robotics Facility  
  42  7:54  Zealot  
  42  7:55  Zealot x7  
  42  7:57  Zealot  
  60  8:17  Probe, Twilight Council  
  60  8:18  Probe  
  62  8:26  Probe  
  62  8:33  Warp Prism  
  65  8:46  Zealot x5  
  65  8:47  Zealot  
  43  8:59  Zealot x2  
  43  9:00  Zealot, Charge  
  43  9:04  Probe x2  
  45  9:16  Immortal  
  45  9:25  Assimilator  
  49  9:32  Assimilator  
  49  9:46  Zealot x5  
  49  9:52  Warp Prism  
  49  10:18  Zealot x2  
  47  10:26  Zealot x4  
  50  10:39  Zealot x3  
  50  10:40  Zealot x2  
  54  11:01  Pylon  
  50  11:06  Zealot  
  50  11:07  Zealot x2  
  52  11:18  Probe x2  
  54  11:42  Pylon  
  54  11:44  Pylon  
  54  11:56  Probe  
  54  12:00  Immortal, Probe  
  60  12:12  Probe  
  61  12:16  Probe  
  61  12:19  Pylon  
  62  12:24  Probe  
  62  12:28  Probe  
  64  12:36  Probe  
  65  12:40  Probe  
  66  12:48  Probe  
  67  12:58  Zealot x2  
  69  12:59  Zealot x2  
  50  13:15  Zealot x4  
  50  13:18  Zealot x5  
Tags
 
Add a new tag
Caveats
  • Supply blocks, unpowered buildings, or Contaminate may cause inaccurate times.
  • Supply counts are checked every 10 seconds.